 Dungeon Crawl Stone Soup version 0.31-a0-267-g3fc6992b3b (webtiles) character file.

Game seed: 13000669234407967096

279 qw the Shooter (level 6, -2/37 HPs)
             Began as a Gargoyle Hexslinger on July 14, 2023.
             Killed from afar by an orc wizard (5 damage)
             ... with a magic dart
             ... on level 4 of the Dungeon.
             The game lasted 00:01:15 (2613 turns).

qw the Shooter (Gargoyle Hexslinger)                Turns: 2613, Time: 00:01:16

Health: -2/37      AC: 10    Str: 12    XL:     6   Next: 26%
Magic:  7/7        EV: 10    Int: 13    God:
Gold:   124        SH:  0    Dex: 14    Spells: 6/7 levels left

rFire   . . .        Y - +2 sling
rCold   . . .        (no shield)
rNeg    + . .        d - +0 ring mail
rPois   inf          (no helmet)
rElec   +            (no cloak)
rCorr   .            h - +0 pair of gloves
SInv    .            (no boots)
Will    .....        (no amulet)
Stlth   +            (no ring)
HPRegen 0.26/turn    (no ring)
MPRegen 0.10/turn

%: no passive effects
@: no status effects
A: sickness immunity, AC +4, negative energy resistance 1, electricity
resistance, torment resistance 1, petrification resistance
a: no special abilities


You were on level 4 of the Dungeon.
You visited 1 branch of the dungeon, and saw 4 of its levels.

You collected 124 gold pieces.


Innate Abilities, Weirdness & Mutations

You are immune to sickness and miasma.
Your stone body is resilient. (AC +4)
You are immune to poison.
You resist negative energy. (rN+)
You are resistant to electric shocks. (rElec)
You are resistant to unholy torment.
You are immune to petrification.


   Skills:
 - Level 3.1 Fighting
 + Level 5.6 Ranged Weapons
 - Level 1.0 Armour
 - Level 1.5 Dodging
 - Level 1.0 Spellcasting
 - Level 2.6 Hexes


You had 6 spell levels left.
You knew the following spells:

 Your Spells              Type           Power      Damage    Failure   Level
a - Slow                  Hex            28%        N/A       22%         1

Your spell library contained the following spells:

 Spells                   Type           Power      Damage    Failure   Level
 Inner Flame              Hex/Fire       4%         N/A       73%         3
 Portal Projectile        Hex/Tloc       8%         N/A       73%         3
 Cause Fear               Hex            3%         N/A       91%         4

Inventory:

Hand Weapons
 Y - a +2 sling (weapon)
Armour
 d - a +0 ring mail (worn)
 h - a +0 pair of gloves (worn)
Scrolls
 a - 3 scrolls of identify
 j - a scroll of teleportation
Potions
 b - a potion of haste
 c - a potion of ambrosia {unknown}
 e - 2 potions of might {unknown}
 f - a potion of resistance {unknown}
 i - a potion of brilliance {unknown}

Dungeon Overview and Level Annotations

Branches:
Dungeon (4/15)
 Temple: D:4-7

Altars:
Kikubaaqudgha
Trog
Wu Jian
Yredelemnul

Annotations:
D:3 4 transporters, qw's ghost, amateur MiHs
D:4 1 transporter, Grinder; qw's ghost, amateur MiHs


Message History

You shoot a sling bullet. The sling bullet hits the iguana.
The iguana is lightly wounded.
The iguana barely misses you.
You shoot a sling bullet. The sling bullet hits the iguana.
The iguana is moderately wounded.
The iguana completely misses you.
You shoot a sling bullet.
The sling bullet barely misses the iguana.
The iguana bites you but does no damage. x2
You shoot a sling bullet. The sling bullet hits the iguana.
The iguana is heavily wounded.
The iguana bites you!
You shoot a sling bullet.
The sling bullet hits the iguana but does no damage.
The iguana is heavily wounded.
The iguana bites you but does no damage.
You shoot a sling bullet. The sling bullet hits the iguana.
The iguana is heavily wounded.
The iguana bites you but does no damage.
You shoot a sling bullet. The sling bullet hits the iguana.
The iguana is severely wounded.
The iguana bites you but does no damage.
Grinder blinks!
The iguana barely misses you.
You shoot a sling bullet.
The sling bullet hits the iguana but does no damage.
The iguana is severely wounded.
The iguana bites you!
2611 ||| READING 2 scrolls of teleportation.
As you read the scroll of teleportation, it crumbles to dust.
You feel strangely unstable.
The iguana bites you but does no damage.
You shoot a sling bullet. The sling bullet hits the iguana.
You kill the iguana!
You start resting.
Your surroundings suddenly seem different.
An orc wizard comes into view. It is wielding a +0 dagger.
The orc wizard shouts!
The orc wizard gestures at you while chanting.
The magic dart hits you.
You die...

#...#.%)...)..
#...#..#......
+...#..#......
####+ ##+##..#
.....
##....###.##..#
+##..
...............
.
.o.............
#............#
#.....@......#
#.....##.....#
#..... ....#
#..... ....
#..... ...
###### ##


You could see an orc wizard.

Vanquished Creatures
  A scorpion (D:4)
  An iguana (D:4)
  A scorpion zombie (D:4)
  3 hound zombies (D:4)
  4 adders
  An adder zombie (D:4)
  A worm (D:4)
  A dart slug (D:3)
  An orc (D:4)
  8 bats
  8 endoplasms
  4 giant cockroaches
  11 goblins
  5 hobgoblins
  9 jackals
  8 kobolds
  2 quokkas
  3 ball pythons
  6 frilled lizards
  4 rats (D:1)
82 creatures vanquished.

Notes
Turn   | Place    | Note
-------+----------+-------------------------------------------
     0 | D:1      | qw the Gargoyle Hexslinger began the quest for the Orb.
     0 | D:1      | Reached XP level 1. HP: 12/12 MP: 2/2
     0 | D:1      | 0 ||| qw: Version: 0.3-a-52-g30416fa
     0 | D:1      | 0 ||| qw: Game counter: 7860
     0 | D:1      | 0 ||| qw: Melee chars always use a shield: true
     0 | D:1      | 0 ||| qw: God list: Okawaru
     0 | D:1      | 0 ||| qw: Allow faded altars: false
     0 | D:1      | 0 ||| qw: Do Orc after clearing Dungeon:15 true
     0 | D:1      | 0 ||| qw: Do second Lair branch before Depths: true
     0 | D:1      | 0 ||| qw: Lair rune preference: random
     0 | D:1      | 0 ||| qw: Goals: Normal
     0 | D:1      | 0 ||| PLANNING D:1-11
   112 | D:1      | Reached XP level 2. HP: 16/16 MP: 3/3
   143 | D:1      | Reached skill level 3 in Ranged Weapons
   196 | D:1      | Reached XP level 3. HP: 13/21 MP: 4/4
   777 | D:1      | 777 ||| UPGRADING to +0 ring mail.
   787 | D:1      | 787 ||| DROPPING +0 robe.
   788 | D:1      | 788 ||| DROPPING scroll of poison.
   914 | D:2      | Found an ornate altar of the Wu Jian Council.
  1412 | D:2      | 1412 ||| UPGRADING to +0 pair of gloves.
  1417 | D:2      | 1417 ||| READING 2 scrolls labelled VIUPRIA DIENAS.
  1418 | D:2      | 1418 ||| READING scroll labelled QISKASTRAEFI.
  1519 | D:2      | 1519 ||| READING 3 scrolls labelled WEJAN TUMMEFEM.
  1524 | D:2      | 1524 ||| READING scroll labelled RYNENL POIZU.
  1525 | D:2      | 1525 ||| READING scroll labelled EPEPYH SYNKIA.
  1541 | D:3      | Reached XP level 4. HP: 26/26 MP: 5/5
  1554 | D:3      | Found an ancient bone altar of Kikubaaqudgha.
  1600 | D:3      | Found a transporter.
  1601 | D:3      | Noticed qw's ghost (amateur MiHs)
  1613 | D:3      | Noticed a phantom
  1707 | D:3      | Found a transporter.
  1763 | D:3      | 1763 ||| FLEEEEING.
  1764 | D:3      | Found a transporter.
  1795 | D:3      | 1795 ||| READING scroll labelled TOLIKL DOXEF.
  1796 | D:3      | 1796 ||| READING 2 scrolls of identify.
  1796 | D:3      | 1796 ||| IDENTIFYING smoky ruby potion
  1801 | D:3      | Reached skill level 1 in Armour
  1817 | D:3      | Found a transporter.
  2125 | D:3      | Found a bloodstained altar of Trog.
  2141 | D:3      | Reached skill level 4 in Ranged Weapons
  2202 | D:4      | Noticed a scorpion
  2218 | D:4      | Killed a scorpion
  2219 | D:4      | Reached XP level 5. HP: 18/30 MP: 6/6
  2319 | D:4      | Reached skill level 5 in Ranged Weapons
  2403 | D:4      | Reached skill level 3 in Fighting
  2414 | D:4      | Found a basalt altar of Yredelemnul.
  2440 | D:4      | Reached XP level 6. HP: 30/37 MP: 7/7
  2477 | D:4      | Found a transporter.
  2478 | D:4      | Noticed qw's ghost (amateur MiHs)
  2574 | D:4      | Noticed Grinder
  2610 | D:4      | HP: 2/37 [iguana (9)]
  2611 | D:4      | 2611 ||| READING 2 scrolls of teleportation.
  2613 | D:4      | Killed from afar by an orc wizard

Levels and vault maps discovered:
D:1:      lemuel_arrival_hallway, layout_basic, minmay_close_crescents
D:2:      layout_basic, basic_altar, serial_bayou_pond_a, minmay_distorted
D:3:      gammafunk_wand_slinger, layout_basic, kiku_gazebo_garden_becter,
          trog_hazing_becter, gammafunk_ghost_mausoleum
D:4:      layout_gridville, nicolae_yredelemnul_corpse_copse,
          gammafunk_ghost_stat_death, serial_shops, nicolae_shop_trees,
          uniq_grinder

Skill      XL: |  1  2  3  4  5 |
---------------+----------------+-----
Ranged Weapons | 3 4 5 |  5.6
Fighting       | 2 3 |  3.1
Armour         | 1 |  1.0
Dodging        | |  1.5
Spellcasting   | |  1.0
Hexes          | |  2.6

Action                     |  1- 3 |  4- 6 || total
---------------------------+-------+-------++-------
   Fire: Sling             |   130 |   194 ||   324
    Use: Scroll            |     5 |     3 ||     8
 Armour: Robe              |    16 |       ||    16
         Ring mail         |    15 |    85 ||   100
  Dodge: Dodged            |    47 |    86 ||   133

Table legend:
 A = Non-vault XP
 B = Vault XP
 C = Vault XP percentage of total XP
 D = Non-vault monster count
 E = Vault monster count
 F = Vault count percentage of total count
                 A         B        C        D         E       F
            +---------+---------+-------+---------+---------+-------
      Total |     271 |     128 |  32.1 |      62 |      20 |  24.4
            +---------+---------+-------+---------+---------+-------
        D:1 |      42 |      11 |  20.8 |      27 |       7 |  20.6
        D:2 |      25 |       3 |  10.7 |       8 |       2 |  20.0
        D:3 |      21 |      11 |  34.4 |      11 |       6 |  35.3
        D:4 |     183 |     103 |  36.0 |      16 |       5 |  23.8
            +---------+---------+-------+---------+---------+-------
